| TOP OF THE 1ST |
|
California Angels batting - Pitching for Texas Rangers : RHP Pascual Perez
|
|
Pitching: RHP Pascual Perez
|
|
|
Batting: RHB Frank White
|
0-0: Swinging Strike 0-1: Swinging Strike 0-2: Fly out, F5 (Popup, 56, EV 71.9 MPH)
|
|
Batting: RHB Jeff Atherton
|
0-0: Swinging Strike 0-1: Ball 1-1: Foul Ball, location: 2F 1-2: Ball 2-2: Ground out 5-3 (Groundball, 56, EV 104.4 MPH)
|
|
Batting: LHB Jason D Thompson
|
0-0: Called Strike 0-1: Ball 1-1: Swinging Strike 1-2: Ball 2-2: Foul Ball, location: 2F 2-2: Foul Ball, location: 2F 2-2: Ball 3-2: Fly out, F7 (Flyball, 78D, EV 95.0 MPH)
|
| Top of the 1st over - 0 runs, 0 hits, 0 errors, 0 left on base; California 0 - Texas 0 |
| BOTTOM OF THE 1ST |
|
Texas Rangers batting - Pitching for California Angels : RHP Eric Prevost
|
|
Pitching: RHP Eric Prevost
|
|
|
Batting: LHB Lenny Dykstra
|
0-0: Swinging Strike 0-1: Swinging Strike 0-2: Ball 1-2: Strikes out swinging
|
|
Batting: RHB Kirby Puckett
|
0-0: Ball 1-0: DOUBLE (Line Drive, 3D, EV 95.0 MPH)
|
|
Batting: RHB Steve Garvey
|
0-0: Ball 1-0: Ground out U3 (Groundball, 3S, EV 74.4 MPH) Kirby Puckett to third
|
|
Batting: RHB Steve Balboni
|
0-0: Called Strike 0-1: Foul Ball, location: 2F 0-2: Foul Ball, location: 2F 0-2: Fly out, F8 (Line Drive, 89M, EV 88.8 MPH)
|
| Bottom of the 1st over - 0 runs, 1 hit, 0 errors, 1 left on base; California 0 - Texas 0 |
| TOP OF THE 2ND |
|
California Angels batting - Pitching for Texas Rangers : RHP Pascual Perez
|
|
Batting: LHB Brian Rosinski
|
0-0: Ball 1-0: Swinging Strike 1-1: Foul Ball, location: 2F 1-2: Ball 2-2: Strikes out swinging
|
|
Batting: LHB John Milner
|
0-0: Called Strike 0-1: Called Strike 0-2: Strikes out swinging
|
|
Batting: SHB Manny Castillo
|
0-0: Ball 1-0: TRIPLE (Line Drive, 89XD, EV 108.8 MPH)
|
|
Batting: SHB Ignacio Medina
|
0-0: Foul Ball, location: 2F 0-1: Ball 1-1: Ball 2-1: Foul Ball, location: 2F 2-2: Foul Ball, location: 2F 2-2: Foul Ball, location: 2F 2-2: Fly out, F7 (Flyball, 7LM, EV 90.0 MPH)
|
| Top of the 2nd over - 0 runs, 1 hit, 0 errors, 1 left on base; California 0 - Texas 0 |
| BOTTOM OF THE 2ND |
|
Texas Rangers batting - Pitching for California Angels : RHP Eric Prevost
|
|
Batting: LHB Jody Helser
|
0-0: Foul Ball, location: 2F 0-1: Ball 1-1: Swinging Strike 1-2: Ball 2-2: Foul Ball, location: 2F 2-2: Foul Ball, location: 2F 2-2: Foul Ball, location: 2F 2-2: Fly out, F8 (Flyball, 8RM, EV 79.4 MPH)
|
|
Batting: LHB Richie Hebner
|
0-0: Ball 1-0: Reached on error, E7 (Line Drive, 7D, EV 90.0 MPH)
|
|
Batting: RHB George Bjorkman
|
0-0: Ball 1-0: Ball 2-0: Called Strike 2-1: Foul Ball, location: 2F 2-2: Foul Ball, location: 2F 2-2: Foul Ball, location: 2F 2-2: Strikes out looking
|
|
Batting: RHB Juan Rodriguez
|
0-0: Called Strike 0-1: Foul Ball, location: 2F 0-2: Ball 1-2: Ball 2-2: Ball 3-2: Ground out U3 (Groundball, 34, EV 99.4 MPH)
|
| Bottom of the 2nd over - 0 runs, 0 hits, 1 error, 1 left on base; California 0 - Texas 0 |
| TOP OF THE 3RD |
|
California Angels batting - Pitching for Texas Rangers : RHP Pascual Perez
|
|
Batting: RHB Carlos Pimentel
|
0-0: Ground out 4-3 (Groundball, 4, EV 86.3 MPH)
|
|
Batting: RHB Mike Bishop
|
0-0: Ball 1-0: Fly out, F2 (Popup, 23F, EV 88.1 MPH)
|
|
Batting: RHB Frank White
|
0-0: Called Strike 0-1: Called Strike 0-2: Strikes out looking
|
| Top of the 3rd over - 0 runs, 0 hits, 0 errors, 0 left on base; California 0 - Texas 0 |
| BOTTOM OF THE 3RD |
|
Texas Rangers batting - Pitching for California Angels : RHP Eric Prevost
|
|
Batting: RHB Juan Samuel
|
0-0: Foul Ball, location: 2F 0-1: Called Strike 0-2: Ball 1-2: Strikes out swinging
|
|
Batting: LHB Lenny Dykstra
|
0-0: SOLO HOME RUN (Flyball, 9LD, EV 90.0 MPH), Distance : 367 ft
|
|
Batting: RHB Kirby Puckett
|
0-0: Ball 1-0: Ground out 5-3 (Groundball, 5S, EV 65.0 MPH)
|
|
Batting: RHB Steve Garvey
|
0-0: Ball 1-0: Called Strike 1-1: Called Strike 1-2: Ground out 6-3 (Groundball, 6, EV 91.9 MPH)
|
| Bottom of the 3rd over - 1 run, 1 hit, 0 errors, 0 left on base; California 0 - Texas 1 |
| TOP OF THE 4TH |
|
California Angels batting - Pitching for Texas Rangers : RHP Pascual Perez
|
|
Batting: RHB Jeff Atherton
|
0-0: Foul Ball, location: 2F 0-1: Ball 1-1: Ball 2-1: Foul Ball, location: 2F 2-2: Ball 3-2: Foul Ball, location: 2F 3-2: Ground out 4-3 (Groundball, 4, EV 81.3 MPH)
|
|
Batting: LHB Jason D Thompson
|
0-0: Ball 1-0: Swinging Strike 1-1: Foul Ball, location: 2F 1-2: Fly out, F8 (Flyball, 78XD, EV 105.6 MPH)
|
|
Batting: LHB Brian Rosinski
|
0-0: Ball 1-0: Foul Ball, location: 2F 1-1: Swinging Strike 1-2: Ball 2-2: Ball 3-2: Base on Balls
|
|
Batting: LHB John Milner
|
0-0: Called Strike 0-1: Foul Ball, location: 2F 0-2: Ball 1-2: Ground out 1-3 (Groundball, P, EV 72.5 MPH)
|
| Top of the 4th over - 0 runs, 0 hits, 0 errors, 1 left on base; California 0 - Texas 1 |
| BOTTOM OF THE 4TH |
|
Texas Rangers batting - Pitching for California Angels : RHP Eric Prevost
|
|
Batting: RHB Steve Balboni
|
0-0: Ball 1-0: Swinging Strike 1-1: Ground out 5-3 (Groundball, 5S, EV 65.6 MPH)
|
|
Batting: LHB Jody Helser
|
0-0: Called Strike 0-1: Ground out 6-3 (Groundball, 6MD, EV 104.4 MPH)
|
|
Batting: LHB Richie Hebner
|
0-0: Swinging Strike 0-1: Ball 1-1: Fly out, F9 (Line Drive, 9, EV 89.4 MPH)
|
| Bottom of the 4th over - 0 runs, 0 hits, 0 errors, 0 left on base; California 0 - Texas 1 |
| TOP OF THE 5TH |
|
California Angels batting - Pitching for Texas Rangers : RHP Pascual Perez
|
|
Batting: SHB Manny Castillo
|
0-0: SINGLE (Line Drive, 8LS, EV 111.3 MPH)
|
|
Batting: SHB Ignacio Medina
|
0-0: Ball 1-0: Bunted foul 1-1: Bunt missed! 1-2: Fielders Choice at 2nd, 2-4 (Groundball, 2L, EV 61.9 MPH)
|
|
Batting: RHB Carlos Pimentel
|
0-0: Called Strike Ignacio Medina steals 2nd base 0-1: Foul Ball, location: 2F 0-2: Foul Ball, location: 2F 0-2: Ball 1-2: Ball 2-2: Ball 3-2: Foul Ball, location: 2F 3-2: Foul Ball, location: 2F 3-2: Foul Ball, location: 2F 3-2: Ground out 3-1 (Groundball, 34, EV 106.3 MPH) Ignacio Medina to third
|
|
Batting: RHB Mike Bishop
|
0-0: Ball 1-0: Ball 2-0: Swinging Strike 2-1: Foul Ball, location: 2F 2-2: Ball 3-2: Strikes out swinging
|
| Top of the 5th over - 0 runs, 1 hit, 0 errors, 1 left on base; California 0 - Texas 1 |
| BOTTOM OF THE 5TH |
|
Texas Rangers batting - Pitching for California Angels : RHP Eric Prevost
|
|
Batting: RHB George Bjorkman
|
0-0: Called Strike 0-1: Called Strike 0-2: Ball 1-2: Ground out 6-3 (Groundball, 6, EV 95.6 MPH)
|
|
Batting: RHB Juan Rodriguez
|
0-0: Called Strike 0-1: Swinging Strike 0-2: Ground out 4-3 (Groundball, 4M, EV 93.1 MPH)
|
|
Batting: RHB Juan Samuel
|
0-0: Called Strike 0-1: Ball 1-1: Ball 2-1: SINGLE (Line Drive, 34D, EV 98.8 MPH)
|
|
Batting: LHB Lenny Dykstra
|
0-0: Ball Juan Samuel steals 2nd base 1-0: Ball 2-0: Ball 3-0: Base on Balls
|
|
Batting: RHB Kirby Puckett
|
0-0: Ball 1-0: Ball Wild Pitch! Juan Samuel to third Lenny Dykstra to second 2-0: Fly out, F9 (Flyball, 89S, EV 71.9 MPH)
|
| Bottom of the 5th over - 0 runs, 1 hit, 0 errors, 2 left on base; California 0 - Texas 1 |
| TOP OF THE 6TH |
|
California Angels batting - Pitching for Texas Rangers : RHP Pascual Perez
|
|
Batting: RHB Frank White
|
0-0: Ball 1-0: SINGLE (Groundball, 6MS, EV 71.3 MPH) (infield hit)
|
|
Batting: RHB Jeff Atherton
|
0-0: Sac Bunt to 13S - play at first, batter OUT! 1-4 Frank White to second
|
|
Batting: LHB Jason D Thompson
|
0-0: Foul Ball, location: 2F 0-1: Ball 1-1: Called Strike 1-2: Ball 2-2: Strikes out swinging
|
|
Batting: LHB Brian Rosinski
|
0-0: Foul Ball, location: 2F 0-1: Swinging Strike 0-2: Ball 1-2: Ball 2-2: Ball 3-2: Strikes out swinging
|
| Top of the 6th over - 0 runs, 1 hit, 0 errors, 1 left on base; California 0 - Texas 1 |
| BOTTOM OF THE 6TH |
|
Texas Rangers batting - Pitching for California Angels : RHP Eric Prevost
|
|
Batting: RHB Steve Garvey
|
0-0: Ball 1-0: Called Strike 1-1: Foul Ball, location: 2F 1-2: Strikes out swinging
|
|
Batting: RHB Steve Balboni
|
0-0: Called Strike 0-1: Foul Ball, location: 2F 0-2: Ground out 6-3 (Groundball, 6, EV 98.8 MPH)
|
|
Batting: LHB Jody Helser
|
0-0: Called Strike 0-1: Foul Ball, location: 2F 0-2: Ball 1-2: Strikes out swinging
|
| Bottom of the 6th over - 0 runs, 0 hits, 0 errors, 0 left on base; California 0 - Texas 1 |
| TOP OF THE 7TH |
|
California Angels batting - Pitching for Texas Rangers : RHP Pascual Perez
|
|
Batting: LHB John Milner
|
0-0: Foul Ball, location: 2F 0-1: Ball 1-1: Foul Ball, location: 2F 1-2: Ball 2-2: Ball 3-2: SINGLE (Groundball, 4D, EV 96.3 MPH)
|
|
Pitching: RHP Ben Hayes
|
|
|
Pinch Hitting: SHB Jon Hernandez
|
0-0: Called Strike 0-1: Ball 1-1: Bunted foul 1-2: Fly out, F8 (Flyball, 8LD, EV 94.4 MPH)
|
|
Batting: SHB Ignacio Medina
|
0-0: Ball 1-0: Called Strike 1-1: SINGLE (Groundball, 4D, EV 97.5 MPH) John Milner to second Runner from 2nd tries for 3rd, SAFE, no throw by RF
|
|
Batting: RHB Carlos Pimentel
|
0-0: Ball 1-0: Ball Ignacio Medina steals 2nd base (no throw) 2-0: Ground out 6-3 (Groundball, 6, EV 87.5 MPH) John Milner scores Ignacio Medina to third
|
|
Batting: RHB Mike Bishop
|
0-0: Called Strike 0-1: Ball 1-1: 2-RUN HOME RUN (Flyball, 7D, EV 105.0 MPH), Distance : 375 ft
|
|
Batting: RHB Frank White
|
0-0: Ball 1-0: Foul Ball, location: 2F 1-1: Ball 2-1: Fly out, F7 (Flyball, 78M, EV 73.1 MPH)
|
| Top of the 7th over - 3 runs, 3 hits, 0 errors, 0 left on base; California 3 - Texas 1 |
| BOTTOM OF THE 7TH |
|
Texas Rangers batting - Pitching for California Angels : RHP Eric Prevost
|
|
Now at 3B: Rafael Ramirez
|
|
|
Batting: LHB Richie Hebner
|
0-0: Ball 1-0: Called Strike 1-1: Ball 2-1: DOUBLE (Line Drive, 89XD, EV 105.6 MPH)
|
|
Batting: RHB George Bjorkman
|
0-0: Called Strike 0-1: Ball 1-1: Foul Ball, location: 2F 1-2: Ball 2-2: Ball 3-2: Foul Ball, location: 2F 3-2: Foul Ball, location: 2F 3-2: Base on Balls
|
|
Batting: RHB Juan Rodriguez
|
0-0: Ball 1-0: Bunted foul 1-1: Bunt missed! 1-2: Ball 2-2: Grounds into double play, 6-4-3 (Groundball, 6, EV 87.5 MPH) Richie Hebner to third
|
|
Batting: RHB Juan Samuel
|
0-0: Called Strike 0-1: Swinging Strike 0-2: DOUBLE (Line Drive, 9LM, EV 111.9 MPH) Richie Hebner scores
|
|
Batting: LHB Lenny Dykstra
|
0-0: Ground out 4-3 (Groundball, 4MD, EV 80.0 MPH)
|
| Bottom of the 7th over - 1 run, 2 hits, 0 errors, 1 left on base; California 3 - Texas 2 |
| TOP OF THE 8TH |
|
California Angels batting - Pitching for Texas Rangers : RHP Ben Hayes
|
|
Batting: RHB Jeff Atherton
|
0-0: Ball 1-0: Ball 2-0: Called Strike 2-1: Ball 3-1: SINGLE (Line Drive, 9S, EV 96.3 MPH)
|
|
Batting: LHB Jason D Thompson
|
0-0: Swinging Strike 0-1: Grounds into double play, 6-4-3 (Groundball, 6, EV 86.9 MPH)
|
|
Batting: LHB Brian Rosinski
|
0-0: Ball 1-0: Foul Ball, location: 2F 1-1: Foul Ball, location: 2F 1-2: Ball 2-2: Strikes out looking
|
| Top of the 8th over - 0 runs, 1 hit, 0 errors, 0 left on base; California 3 - Texas 2 |
| BOTTOM OF THE 8TH |
|
Texas Rangers batting - Pitching for California Angels : RHP Eric Prevost
|
|
Batting: RHB Kirby Puckett
|
0-0: Ball 1-0: Ball 2-0: SINGLE (Line Drive, 7S, EV 110.6 MPH)
|
|
Pitching: RHP Jerry Reed
|
|
|
Batting: RHB Steve Garvey
|
0-0: Ball 1-0: Swinging Strike 1-1: Ball 2-1: Foul Ball, location: 2F 2-2: Fly out, F8 (Flyball, 89D, EV 98.8 MPH)
|
|
Batting: RHB Steve Balboni
|
0-0: Ball 1-0: Called Strike 1-1: Ball 2-1: Foul Ball, location: 2F 2-2: SINGLE (Groundball, 56D, EV 101.3 MPH) Kirby Puckett to second Runner from 2nd tries for 3rd, SAFE, no throw by LF
|
|
Batting: LHB Jody Helser
|
0-0: Ground out 4-3 (Groundball, 4MS, EV 70.0 MPH) Kirby Puckett scores Steve Balboni to second
|
|
Batting: LHB Richie Hebner
|
0-0: Fly out, F7 (Flyball, 78D, EV 100.0 MPH)
|
| Bottom of the 8th over - 1 run, 2 hits, 0 errors, 1 left on base; California 3 - Texas 3 |
| TOP OF THE 9TH |
|
California Angels batting - Pitching for Texas Rangers : RHP Ben Hayes
|
|
Batting: LHB John Milner
|
0-0: Foul Ball, location: 2F 0-1: Reached on error, E8 (Flyball, 8LD, EV 98.1 MPH)
|
|
Pitching: RHP Kent Tekulve
|
|
|
Pinch Hitting: LHB Ralph Garr
|
0-0: Swinging Strike 0-1: Ball 1-1: Fly out, F8 (Flyball, 89D, EV 104.4 MPH) Runner from 2nd tags up, SAFE at 3rd, no throw by CF
|
|
Batting: SHB Ignacio Medina
|
0-0: Ball 1-0: Bunted foul 1-1: Swinging Strike 1-2: Ball 2-2: Fly out, F8 (Line Drive, 8RM, EV 93.1 MPH) Runner from 3rd tags up, SCORES, no throw by CF
|
|
Batting: RHB Carlos Pimentel
|
0-0: Ball 1-0: Ball 2-0: Foul Ball, location: 2F 2-1: Ball 3-1: Swinging Strike 3-2: Strikes out looking
|
| Top of the 9th over - 1 run, 0 hits, 1 error, 0 left on base; California 4 - Texas 3 |
| BOTTOM OF THE 9TH |
|
Texas Rangers batting - Pitching for California Angels : RHP Jerry Reed
|
|
Now at 3B: Geno Petralli
|
|
|
Batting: RHB George Bjorkman
|
0-0: Called Strike 0-1: Foul Ball, location: 2F 0-2: Ball 1-2: Ball 2-2: Ball 3-2: Fly out, F9 (Flyball, 89M, EV 96.3 MPH)
|
|
Batting: RHB Juan Rodriguez
|
0-0: Called Strike 0-1: Foul Ball, location: 2F 0-2: Foul Ball, location: 2F 0-2: Strikes out swinging
|
|
Batting: RHB Juan Samuel
|
0-0: SINGLE (Groundball, 4MD, EV 105.6 MPH)
|
|
Batting: LHB Lenny Dykstra
|
0-0: Ball 1-0: Foul Ball, location: 2F 1-1: Ball 2-1: Ground out 4-3 (Groundball, 34D, EV 100.0 MPH)
|
| Bottom of the 9th over - 0 runs, 1 hit, 0 errors, 1 left on base; California 4 - Texas 3 |
|